Map: Primeval Wilds

Players

scott

  • Race: Protoss Protoss
  • Spawn Location: 6:00

Rafier

  • Race: Terran Terran
  • League: Master
  • Spawn Location: 5:00

Entropius

  • Race: Zerg Zerg
  • Spawn Location: 7:00

Frudgey

  • Race: Terran Terran
  • League: Diamond
  • Spawn Location: 6:00

RuffSecs

  • Race: Protoss Protoss
  • Spawn Location: 12:00

DRSUESS

  • Race: Terran Terran
  • Spawn Location: 3:00

JaySlays

  • Race: Zerg Zerg
  • Spawn Location: 12:00

Wolf

  • Race: Zerg Zerg
  • League: Diamond
  • Spawn Location: 9:00

VOD

Have the link to the VOD?

Description

Time

  • Played on: April 16, 2018, 9:50 p.m.
  • Length: 10:39
Show
View Real Time Build Order
Export as new Build Order

scott Protoss 

Build Orders: Oracle Opening 

Get SALT Encoding   

  12  0:01  Probe  
  13  0:13  Probe  
  14  0:21  Pylon  
  14  0:25  Probe  
  15  0:41  Probe (Chrono Boost)  
  15  0:42  Gateway  
  16  0:44  Assimilator  
  16  0:53  Probe (Chrono Boost)  
  17  0:58  Probe (Chrono Boost)  
  18  1:08  Probe (Chrono Boost)  
  19  1:14  Pylon  
  19  1:16  Assimilator  
  19  1:20  Probe (Chrono Boost)  
  20  1:27  Probe (Chrono Boost)  
  20  1:32  Cybernetics Core  
  21  1:34  Probe  
  22  1:46  Probe  
  22  2:02  Nexus  
  22  2:06  Probe, Warp Gate (Chrono Boost)  
  23  2:19  Pylon  
  23  2:23  Stargate  
  23  2:34  Stalker  
  23  2:35  Probe  
  26  2:47  Probe  
  27  2:59  Probe  
  27  3:01  Pylon  
  27  3:03  Assimilator  
  28  3:08  Assimilator  
  28  3:09  Oracle (Chrono Boost)  
  28  3:12  Probe  
  32  3:19  Probe (Chrono Boost)  
  33  3:24  Stalker  
  36  3:29  Probe (Chrono Boost)  
  36  3:31  Probe (Chrono Boost)  
  37  3:36  Probe (Chrono Boost)  
  37  3:40  Pylon  
  38  3:43  Probe  
  38  3:45  Probe  
  40  3:57  Probe  
  40  4:00  Probe  
  42  4:07  Fleet Beacon  
  43  4:10  Probe  
  43  4:13  Probe  
  43  4:15  Phoenix  
  46  4:29  Protoss Air Weapons Level 1  
  46  4:38  Stalker  
  48  4:39  Probe  
  48  4:41  Probe  
  48  4:44  Stargate  
  50  4:47  Pylon  
  50  4:52  Probe, Shield Battery  
  51  4:53  Probe, Graviton Catapult (Chrono Boost)  
  52  5:04  Probe  
  52  5:05  Probe  
  54  5:10  Carrier (Chrono Boost)  
  54  5:18  Probe  
  67  5:44  Carrier (Chrono Boost)  
  67  6:01  Probe  
  68  6:18  Carrier (Chrono Boost)  
  68  6:20  Probe  
  75  6:26  Cybernetics Core  
  75  6:28  Nexus  
  75  6:29  Pylon  
  75  6:30  Protoss Air Weapons Level 2  
  75  6:32  Pylon  
  75  6:34  Pylon, Forge  
  75  6:46  Twilight Council  
  75  6:49  Pylon  
  75  6:53  Shield Battery  
  75  6:54  Carrier (Chrono Boost)  
  75  6:56  Probe x2  
  83  7:02  Protoss Air Armor Level 1  
  83  7:18  Probe  
  83  7:19  Probe  
  83  7:22  Protoss Shields Level 1  
  85  7:25  Charge  
  82  7:50  Carrier (Chrono Boost)  
  87  8:11  Carrier  
  87  8:16  Pylon, Gateway  
  87  8:17  Gateway  
  87  8:19  Gateway  
  93  8:22  Gateway  
  93  8:25  Gateway  
  93  8:26  Gateway  
  93  8:29  Photon Cannon  
  93  8:31  Photon Cannon  
  93  8:33  Pylon  
  93  8:35  Pylon  
  93  8:36  Shield Battery  
  93  8:55  Zealot  
  107  10:20  Zealot x3  
  107  10:21  Zealot x2  
Show
View Real Time Build Order
Export as new Build Order

Rafier Terran 

Build Orders: Hellion Opening 

Get SALT Encoding   

  12  0:01  SCV  
  13  0:13  SCV  
  14  0:19  Supply Depot  
  14  0:25  SCV  
  15  0:41  SCV  
  15  0:42  Barracks  
  16  0:48  Refinery  
  16  0:53  SCV  
  17  1:05  SCV  
  18  1:17  SCV  
  19  1:29  Marine, Orbital Command  
  20  1:51  Command Center  
  20  1:56  SCV  
  21  2:05  Factory  
  21  2:08  SCV  
  21  2:12  Barracks Reactor  
  22  2:20  SCV  
  22  2:21  Supply Depot  
  23  2:42  SCV  
  24  2:55  SCV  
  25  3:02  Hellion, Starport  
  25  3:03  Hellion  
  25  3:05  Orbital Command  
  29  3:08  SCV  
  29  3:09  Refinery  
  29  3:11  Refinery  
  30  3:20  SCV  
  30  3:24  Hellion x2  
  35  3:30  SCV  
  35  3:32  SCV  
  37  3:40  Starport Tech Lab  
  37  3:42  SCV  
  37  3:44  SCV  
  37  3:46  Hellion x2  
  43  3:55  SCV  
  44  3:56  SCV  
  45  4:03  Supply Depot  
  45  4:06  Raven  
  45  4:08  Refinery  
  45  4:09  Supply Depot  
  47  4:10  SCV x2  
  47  4:16  Corvid Reactor  
  49  4:22  Hellion  
  51  4:26  Hellion  
  51  4:29  SCV  
  51  4:30  SCV  
  55  4:41  SCV  
  55  4:43  SCV  
  57  4:49  Raven, Widow Mine x2  
  63  4:53  SCV  
  63  4:55  SCV  
  65  5:02  Supply Depot  
  65  5:06  SCV  
  66  5:07  SCV  
  67  5:19  Command Center  
  67  5:23  SCV x2  
  69  5:32  Raven, Widow Mine x2  
  75  5:42  SCV x2  
  77  5:48  Starport  
  77  5:49  Starport  
  77  6:00  SCV  
  78  6:07  Supply Depot  
  78  6:08  Supply Depot  
  78  6:25  Starport Tech Lab x2  
  78  6:28  Raven  
  78  6:29  SCV, Widow Mine x2  
  78  6:31  Supply Depot  
  85  6:33  Supply Depot  
  85  6:44  Raven  
  85  6:45  Raven  
  89  6:53  Widow Mine x2, Refinery x2  
  93  7:00  Engineering Bay  
  93  7:10  SCV x2  
  95  7:19  Raven  
  97  7:27  Raven  
  97  7:28  Planetary Fortress  
  97  7:30  Missile Turret  
  91  7:52  Raven  
  92  8:10  Raven x2  
  88  8:21  Hellion x2  
  92  8:38  Missile Turret  
  92  8:43  Building Armor  
  92  8:45  Raven  
  92  8:47  Hellion x2  
  84  9:10  Raven  
  84  9:11  Raven  
  79  9:20  Hellion x2  
  82  9:36  Command Center, Raven  
  82  9:37  Command Center  
  84  9:46  Hellion x2  
  88  9:55  Raven  
  92  10:08  Hellion x2  
Show
View Real Time Build Order
Export as new Build Order

Entropius Zerg 

Build Orders: Hatch First 

Get SALT Encoding   

  12  0:02  Drone  
  13  0:13  Overlord  
  13  0:19  Drone  
  14  0:32  Drone x2  
  16  0:36  Drone  
  17  0:47  Drone  
  18  1:03  Hatchery  
  17  1:05  Drone  
  17  1:09  Drone  
  19  1:18  Drone  
  20  1:27  Spawning Pool  
  20  1:30  Extractor, Drone  
  19  1:40  Drone  
  20  1:51  Overlord  
  20  2:03  Drone  
  21  2:14  Drone, Queen  
  24  2:15  Queen  
  24  2:18  Drone  
  27  2:28  Drone x2  
  29  2:32  Metabolic Boost  
  29  2:37  Drone  
  29  2:38  Drone  
  31  2:46  Drone  
  31  2:48  Overlord  
  32  2:56  Drone  
  33  3:06  Extractor  
  33  3:11  Drone x3  
  35  3:19  Lair  
  35  3:22  Drone x2  
  37  3:30  Drone x2  
  37  3:31  Drone x4  
  43  3:39  Drone  
  43  3:40  Overlord  
  44  3:43  Extractor  
  44  3:45  Extractor  
  42  4:03  Drone x2  
  42  4:04  Drone x4  
  48  4:15  Overlord  
  48  4:20  Spire  
  47  4:34  Overlord  
  47  4:56  Hatchery  
  47  4:57  Overlord  
  46  5:31  Mutalisk  
  46  5:32  Mutalisk x8  
  64  5:37  Zerg Flyer Weapons Level 1  
  64  5:49  Mutalisk  
  66  6:07  Extractor, Mutalisk  
  66  6:08  Extractor, Mutalisk  
  68  6:21  Drone x2  
  70  6:38  Mutalisk x3  
  76  6:50  Pneumatized Carapace  
  76  6:52  Overseer x2  
  76  6:54  Overlord x7  
  76  6:55  Overlord  
  76  7:11  Mutalisk x2  
  78  7:58  Mutalisk x8  
  84  8:32  Mutalisk x5  
  84  8:33  Mutalisk  
  92  9:35  Mutalisk  
  92  9:36  Mutalisk x6  
Show
View Real Time Build Order
Export as new Build Order

Frudgey Terran 

Build Orders: Mech 

Get SALT Encoding   

  12  0:02  SCV  
  13  0:14  SCV  
  14  0:24  Supply Depot  
  14  0:26  SCV  
  15  0:30  Refinery  
  15  0:46  SCV  
  16  0:51  Barracks  
  16  0:58  SCV  
  17  1:10  SCV  
  18  1:22  SCV  
  19  1:37  Orbital Command  
  19  1:41  Marine, Bunker  
  20  1:55  Command Center  
  20  1:59  Marine  
  21  2:03  SCV  
  22  2:15  SCV  
  22  2:20  Supply Depot  
  23  2:24  Factory  
  23  2:42  Marine, SCV  
  25  2:54  SCV  
  25  2:57  Supply Depot  
  26  3:02  Marine  
  27  3:07  Refinery, Orbital Command  
  27  3:08  Factory Tech Lab  
  27  3:13  SCV, Armory  
  27  3:17  Armory  
  28  3:23  Marine  
  28  3:25  SCV  
  30  3:34  SCV  
  30  3:37  Refinery  
  30  3:38  SCV  
  32  3:41  Marine  
  32  3:46  SCV  
  34  3:49  Refinery  
  34  3:50  SCV  
  35  3:58  SCV  
  36  4:03  Thor  
  36  4:05  SCV  
  43  4:10  SCV, Terran Vehicle Weapons Level 1  
  44  4:17  Supply Depot, SCV  
  44  4:19  Terran Vehicle And Ship Armor Level 1  
  44  4:23  SCV  
  46  4:29  SCV  
  46  4:30  Marine  
  48  4:35  SCV  
  49  4:41  SCV  
  50  4:46  Thor  
  50  4:47  Supply Depot, SCV  
  57  4:56  Marine  
  57  4:58  SCV  
  59  5:01  Supply Depot  
  59  5:06  SCV  
  60  5:07  Factory  
  60  5:10  SCV  
  61  5:17  Supply Depot  
  61  5:25  SCV  
  61  5:27  SCV  
  63  5:29  Thor  
  63  5:30  Infernal Pre-Igniter  
  69  5:37  SCV  
  69  5:40  SCV  
  71  5:46  Supply Depot  
  71  5:49  SCV  
  72  5:52  Factory Reactor  
  72  5:53  SCV  
  73  6:04  Terran Vehicle Weapons Level 2  
  73  6:06  SCV  
  73  6:09  SCV, Command Center  
  75  6:12  Thor  
  75  6:15  Terran Vehicle And Ship Armor Level 2  
  75  6:18  SCV  
  82  6:21  SCV  
  83  6:28  Hellion x2  
  83  6:30  SCV  
  88  6:35  Supply Depot x2  
  88  6:36  Supply Depot  
  88  6:46  SCV  
  89  6:49  SCV  
  89  6:50  Hellion x2  
  94  6:56  Supply Depot, Thor  
  94  6:58  Supply Depot  
  100  7:01  Smart Servos  
  100  7:11  Hellion x2, Factory, SCV x2  
  106  7:19  Supply Depot x2  
  106  7:20  Supply Depot  
  106  7:23  SCV, Orbital Command  
  107  7:32  Hellbat  
  107  7:33  Hellbat  
  111  7:39  Thor  
  117  7:56  Factory Reactor  
  117  7:57  Hellbat x2  
  104  8:20  SCV  
  104  8:22  Hellbat x2  
  104  8:27  SCV  
  109  8:31  Orbital Command, Thor  
  115  8:36  Hellbat x2  
  119  8:46  Hellbat x2  
  123  8:55  Factory  
  123  8:56  Factory  
  123  8:57  Hellbat  
  123  8:58  Hellbat  
  127  9:15  Hellbat x2, Thor  
  137  9:21  Hellbat x2  
  141  9:35  SCV x2  
  143  9:42  Hellbat  
  143  9:43  Hellbat, Factory Tech Lab  
  143  9:44  Hellbat x2, Factory Tech Lab  
  143  9:45  SCV  
  152  9:56  SCV x2  
  152  9:58  Hellion  
  156  10:02  Supply Depot x2  
  162  10:07  Supply Depot  
  162  10:08  Hellbat x2  
  162  10:09  Hellbat x2  
  162  10:12  Factory  
  170  10:15  Factory  
  170  10:17  Refinery  
  170  10:18  Refinery  
Show
View Real Time Build Order
Export as new Build Order

RuffSecs Protoss 

Build Orders: 1 Gate Expand 

Get SALT Encoding   

  12  0:10  Probe  
  13  0:22  Pylon  
  13  0:32  Probe  
  14  0:42  Gateway  
  14  0:44  Probe  
  15  0:56  Probe  
  16  1:13  Nexus  
  16  1:14  Probe  
  17  1:29  Zealot  
  19  1:34  Pylon  
  19  1:37  Probe  
  20  2:00  Zealot  
  22  2:03  Gateway  
  22  2:04  Probe  
  22  2:07  Assimilator  
  23  2:16  Probe (Chrono Boost)  
  23  2:21  Cybernetics Core  
  24  2:25  Probe (Chrono Boost)  
  24  2:27  Zealot  
  28  2:34  Probe (Chrono Boost)  
  28  2:36  Probe (Chrono Boost)  
  29  2:40  Assimilator  
  29  2:44  Probe x2  
  31  2:54  Zealot  
  31  2:56  Probe  
  34  3:01  Stalker  
  36  3:12  Pylon  
  36  3:19  Pylon  
  36  3:21  Zealot  
  36  3:24  Probe (Chrono Boost)  
  39  3:29  Probe (Chrono Boost)  
  39  3:31  Stalker  
  42  3:39  Probe x2 (Chrono Boost)  
  44  3:46  Probe (Chrono Boost)  
  44  3:48  Zealot  
  48  3:49  Probe (Chrono Boost)  
  48  3:58  Probe (Chrono Boost)  
  48  4:01  Stalker  
  52  4:04  Probe (Chrono Boost)  
  52  4:05  Probe (Chrono Boost)  
  52  4:09  Twilight Council  
  53  4:12  Gateway  
  53  4:16  Pylon, Zealot  
  55  4:23  Probe  
  56  4:31  Stalker (Chrono Boost)  
  60  4:47  Charge (Chrono Boost)  
  60  4:50  Stalker (Chrono Boost)  
  60  4:57  Stalker (Chrono Boost)  
  62  5:00  Robotics Facility  
  62  5:01  Zealot (Chrono Boost)  
  62  5:03  Pylon  
  64  5:08  Assimilator  
  64  5:09  Probe (Chrono Boost)  
  64  5:12  Assimilator  
  65  5:16  Zealot  
  65  5:19  Probe (Chrono Boost)  
  68  5:21  Stalker  
  68  5:24  Probe (Chrono Boost)  
  68  5:27  Stalker  
  73  5:36  Probe  
  74  5:43  Zealot  
  74  5:48  Probe (Chrono Boost)  
  77  5:53  Probe (Chrono Boost)  
  77  5:54  Protoss Air Weapons Level 1  
  78  6:02  Pylon  
  78  6:06  Pylon  
  78  6:13  Stargate  
  78  6:20  Probe x2, Stalker x3  
  78  6:24  Observer  
  87  6:32  Probe  
  88  6:35  Stargate  
  88  6:44  Probe  
  89  6:50  Stalker, Zealot  
  93  7:02  Blink  
  93  7:19  Stalker  
  93  7:34  Stalker  
  93  7:36  Void Ray  
  91  7:49  Stalker  
  93  7:52  Void Ray  
  91  7:59  Stalker  
  93  8:07  Observer  
  93  8:08  Forge  
  93  8:12  Pylon  
  94  8:17  Pylon  
  94  8:18  Stargate  
  94  8:20  Pylon  
  94  8:30  Stalker x3  
  96  9:00  Stalker x2, Zealot  
  70  9:16  Void Ray x2  
  70  9:17  Void Ray  
  68  9:27  Stalker  
  68  9:30  Stalker, Zealot  
  72  9:57  Stalker, Zealot  
  80  10:00  Zealot  
  90  10:12  Nexus  
Show
View Real Time Build Order
Export as new Build Order

DRSUESS Terran 

Build Orders: Command Center First (CC) 

Get SALT Encoding   

  12  0:04  SCV  
  13  0:20  Supply Depot  
  13  0:23  SCV  
  14  0:35  SCV  
  15  0:47  SCV  
  16  0:59  SCV  
  17  1:09  Command Center  
  17  1:12  SCV  
  18  1:20  Refinery  
  18  1:33  Barracks, SCV  
  19  1:46  SCV  
  20  1:58  SCV  
  21  2:05  Refinery  
  21  2:10  SCV  
  23  2:22  SCV  
  23  2:25  Barracks Tech Lab  
  23  2:27  Supply Depot  
  23  2:34  SCV  
  23  2:35  Supply Depot  
  23  2:36  SCV  
  25  2:47  SCV  
  25  2:48  SCV  
  27  2:52  Factory  
  27  2:53  Marine  
  28  2:59  SCV  
  28  3:00  SCV  
  30  3:10  Refinery  
  30  3:12  SCV  
  31  3:13  SCV  
  32  3:24  SCV  
  32  3:26  Factory  
  33  3:30  Refinery  
  33  3:31  SCV  
  34  3:36  SCV  
  34  3:40  Marine  
  36  3:42  Factory Tech Lab  
  36  3:48  SCV, Armory  
  37  3:50  SCV  
  38  3:59  Combat Shields  
  38  4:00  SCV  
  40  4:02  SCV  
  40  4:12  SCV  
  40  4:14  SCV  
  42  4:19  Factory Tech Lab  
  42  4:27  Supply Depot, SCV  
  43  4:41  Thor  
  49  4:49  Orbital Command, Thor  
  55  4:56  SCV  
  55  4:57  Supply Depot  
  56  5:04  Supply Depot  
  56  5:05  Marine  
  57  5:08  SCV  
  57  5:09  Terran Vehicle Weapons Level 1  
  58  5:20  SCV  
  59  5:22  SCV  
  60  5:31  Thor  
  60  5:32  SCV  
  60  5:34  SCV  
  68  5:40  Thor  
  68  5:42  Marine  
  74  6:10  Marine  
  75  6:27  Marine, Command Center  
  75  6:28  Supply Depot  
  76  6:38  Thor  
  82  6:41  Supply Depot  
  82  6:45  Marine  
  83  6:49  Thor  
  83  6:54  Engineering Bay  
  89  6:57  SCV  
  90  7:02  Supply Depot  
  90  7:03  Marine  
  91  7:09  SCV  
  91  7:12  Stimpack  
  92  7:20  Starport  
  92  7:21  Marine  
  93  7:25  Factory  
  93  7:28  Barracks  
  93  7:39  Marine  
  89  7:56  Marine  
  88  8:07  Thor x2  
  88  8:09  Factory Tech Lab  
  100  8:14  Marine  
  64  8:27  Starport Reactor  
  64  8:40  Thor  
  70  8:57  Thor  
  70  8:59  Thor  
  70  9:01  Barracks Reactor  
  82  9:05  Medivac x2  
  86  9:13  Supply Depot  
  86  9:16  Supply Depot  
  87  9:17  SCV  
  87  9:29  SCV  
  88  9:32  Thor  
  88  9:35  Medivac x2  
  97  9:40  Thor  
  97  9:44  Refinery  
  102  9:52  Thor  
  97  10:04  Missile Turret  
  97  10:05  Missile Turret  
  89  10:07  Missile Turret  
  89  10:09  SCV  
  90  10:14  Missile Turret  
  90  10:21  SCV  
Show
View Real Time Build Order
Export as new Build Order

JaySlays Zerg 

Build Orders: Hatch First 

Get SALT Encoding   

  12  0:01  Drone  
  13  0:12  Overlord  
  13  0:17  Drone  
  14  0:31  Drone x2  
  16  0:36  Drone  
  17  0:56  Hatchery  
  16  0:59  Drone  
  16  1:01  Drone  
  18  1:05  Extractor  
  17  1:18  Spawning Pool  
  17  1:21  Drone  
  17  1:31  Drone x2  
  19  1:41  Drone  
  20  1:51  Drone  
  21  2:02  Drone  
  22  2:13  Metabolic Boost  
  22  2:16  Queen, Zergling x4  
  22  2:17  Queen  
  22  2:20  Overlord  
  28  2:32  Extractor, Drone  
  29  2:38  Drone x2  
  29  2:42  Drone  
  32  2:47  Drone  
  32  2:51  Extractor  
  32  2:56  Roach Warren  
  31  2:59  Drone x2  
  31  3:04  Overlord  
  33  3:10  Queen  
  35  3:19  Drone  
  36  3:21  Overlord  
  36  3:22  Overlord  
  36  3:40  Roach x5  
  36  3:41  Roach  
  48  3:46  Drone  
  48  3:47  Drone  
  50  3:56  Lair  
  50  3:58  Drone  
  50  3:59  Drone  
  52  4:13  Drone  
  52  4:14  Drone x4  
  57  4:18  Overlord x2  
  57  4:28  Evolution Chamber  
  57  4:30  Spore Crawler  
  55  4:31  Evolution Chamber  
  55  4:32  Spore Crawler  
  53  4:57  Zerg Missile Weapons Level 1  
  53  4:58  Zerg Ground Armor Level 1, Hydralisk Den  
  52  5:00  Glial Reconstitution  
  52  5:05  Roach x2  
  56  5:10  Extractor  
  56  5:11  Drone x5, Extractor  
  59  5:25  Drone  
  59  5:26  Drone x2  
  62  5:29  Drone x3  
  62  5:30  Drone  
  66  5:48  Drone x2  
  68  5:59  Overlord x2  
  68  6:00  Overlord  
  68  6:26  Grooved Spines  
  68  6:34  Hydralisk x2  
  68  6:35  Hydralisk x6  
  84  6:44  Overlord x4  
  82  6:59  Hydralisk  
  84  7:03  Zerg Missile Weapons Level 2  
  84  7:04  Zerg Ground Armor Level 2  
  84  7:12  Hydralisk  
  84  7:13  Hydralisk x3  
  88  7:49  Hydralisk  
  88  7:50  Hydralisk x7  
  104  7:53  Zergling x12  
  110  8:03  Muscular Augments  
  110  8:07  Hydralisk x2  
  112  8:37  Zergling x8  
  116  8:54  Hatchery  
  115  8:59  Hatchery  
  91  9:18  Hydralisk  
  91  9:19  Hydralisk x5  
  102  9:48  Hydralisk, Zergling x2  
  102  9:49  Hydralisk x4  
  113  9:53  Overlord  
  113  10:10  Hydralisk  
  113  10:11  Hydralisk x6  
  127  10:26  Infestation Pit  
Show
View Real Time Build Order
Export as new Build Order

Wolf Zerg 

Build Orders: Hatch First, Muta Ling Bane 

Get SALT Encoding   

  12  0:01  Drone  
  13  0:13  Overlord  
  13  0:19  Drone  
  14  0:31  Drone x2  
  16  0:39  Drone  
  17  0:58  Hatchery  
  17  1:00  Drone  
  17  1:04  Drone  
  18  1:13  Drone  
  18  1:16  Extractor  
  18  1:24  Spawning Pool  
  17  1:30  Drone  
  17  1:32  Drone  
  19  1:42  Overlord  
  19  2:03  Drone  
  19  2:05  Drone  
  21  2:12  Queen x2  
  21  2:15  Zergling x2  
  26  2:17  Zergling x2  
  27  2:24  Metabolic Boost  
  27  2:32  Drone, Zergling x2  
  27  2:36  Drone  
  30  2:38  Drone  
  31  2:48  Drone x2  
  33  2:58  Baneling Nest  
  32  2:59  Drone  
  32  3:01  Drone  
  32  3:02  Evolution Chamber  
  33  3:09  Drone x2  
  35  3:14  Overlord  
  35  3:20  Drone  
  36  3:32  Zerg Missile Weapons Level 1  
  35  3:42  Zergling x4  
  35  3:46  Drone  
  35  3:47  Drone, Overlord  
  35  3:48  Drone  
  40  3:51  Lair  
  40  4:05  Extractor  
  40  4:09  Drone x5  
  44  4:10  Drone  
  44  4:12  Drone  
  44  4:15  Extractor  
  44  4:16  Extractor  
  43  4:27  Hatchery  
  37  4:38  Drone x4  
  36  4:39  Drone x5  
  44  4:54  Drone x3  
  43  5:20  Spire  
  42  5:22  Drone  
  42  5:23  Drone x4  
  42  5:26  Drone  
  42  5:27  Drone x2  
  50  5:30  Zerg Ground Armor Level 1  
  44  5:37  Spore Crawler  
  43  5:46  Spore Crawler  
  42  5:52  Zergling x2  
  42  5:53  Zergling x16  
  51  6:05  Overlord  
  51  6:06  Overlord  
  51  6:15  Centrifical Hooks  
  51  6:18  Drone  
  52  6:19  Overlord x2  
  47  6:42  Mutalisk  
  47  6:43  Mutalisk x6  
  61  7:01  Drone  
  61  7:02  Drone x3  
  65  7:12  Mutalisk x2  
  58  7:30  Spore Crawler  
  58  7:35  Queen  
  50  7:50  Spore Crawler  
  49  7:54  Mutalisk  
  49  7:55  Mutalisk x4  
  59  8:02  Spore Crawler  
  58  8:06  Mutalisk x2  
  58  8:10  Queen  
  64  8:30  Mutalisk x2  
  68  8:47  Mutalisk x2  
  56  9:15  Zergling x2  
  56  9:16  Zergling x26  
  70  9:37  Zergling x10  
  75  9:45  Overlord  
  75  9:48  Overlord  
  75  9:52  Overlord x3  
Tags
 
Add a new tag
Caveats
  • Supply blocks, unpowered buildings, or Contaminate may cause inaccurate times.
  • Supply counts are checked every 10 seconds.